 Dungeon Crawl Stone Soup version 0.13-a0-3092-g1832de8 (webtiles) character file.

7475 4tharraofdagon the Thaumaturge (level 10, -8/118 HPs)
             Began as a Djinni Fire Elementalist on Sept 18, 2013.
             Was an Elder of Makhleb.
             Mangled by a wolf (11 damage)
             ... on Level 7 of the Lair of Beasts.
             The game lasted 00:28:02 (6437 turns).

4tharraofdagon the Thaumaturge (DjFE)               Turns: 6437, Time: 00:28:02

HP  -8/118       AC  9     Str 14      XL: 10   Next: 83%
MP   0/0         EV 13     Int 18      God: Makhleb [****..]
Gold 442         SH  0     Dex 18      Spells:  7 memorised, 11 levels left

Res.Fire  : + + +   See Invis. : .   u - +3,+0 battleaxe (venom)
Res.Cold  : + . .   Warding    : .   F - +2 leather armour {rC+}
Life Prot.: + + +   Conserve   : .   (no shield)
Res.Poison: .       Res.Corr.  : .   v - +2 helmet
Res.Elec. : .       Clarity    : .   k - +0 cloak
Sust.Abil.: . .     Spirit.Shd : .   (no gloves)
Res.Mut.  : .       Stasis     : .   (boots unavailable)
Res.Rott. : .       Flight     : .   (no amulet)
Saprovore : . . .                    I - ring of protection from fire
                                     D - +2 ring of evasion

@: berserking, very slightly contaminated, hasted, very quick, somewhat
resistant to hostile enchantments, extremely unstealthy
A: fire immunity, cold vulnerability, fangs 1, berserk 1, cold resistance 1,
life protection 3, evolution 1, Dex +4
a: Minor Destruction, Lesser Servant of Makhleb, Major Destruction, Renounce
Religion


You were on level 7 of the Lair of Beasts.
You worshipped Makhleb.
Makhleb was extremely pleased with you.
You were not hungry.

You visited 3 branches of the dungeon, and saw 17 of its levels.
You also visited: Labyrinth.

You collected 422 gold pieces.

Inventory:

Hand weapons
 c - a +0,+0 dagger
 m - a +0,+0 glaive
 u - a +3,+0 battleaxe of venom (weapon)
Missiles
 f - 3 javelins (quivered)
Armour
 a - a +0 robe
 k - a +0 cloak (worn)
 s - a +0 elven chain mail
 v - a +2 helmet (worn)
 C - a +0 helmet
 F - a +2 leather armour of cold resistance (worn)
Magical devices
 y - a wand of digging (12) {unknown}
Scrolls
 e - a scroll of blinking
 q - a scroll of curse armour
 r - a scroll of enchant weapon I
 t - a scroll of random uselessness
 G - 2 scrolls of identify {unknown}
 H - a scroll of remove curse
 M - a scroll of amnesia
 N - 2 scrolls of enchant weapon II
 P - a scroll of magic mapping {unknown}
Jewellery
 d - an uncursed ring of flight
 j - an uncursed ring of teleport control
 n - an uncursed ring of sustenance {unknown}
 w - an uncursed ring of protection from magic {unknown}
 z - a -3 ring of protection
 D - a +2 ring of evasion (left hand)
 I - a ring of protection from fire (right hand)
Potions
 h - 2 potions of berserk rage {unknown}
 i - a potion of might
 o - a potion of invisibility {unknown}
 p - 3 potions of restore abilities {unknown}
 x - 2 potions of heal wounds {unknown}
 A - a potion of speed
 B - 2 potions of poison {unknown}
 E - a potion of brilliance {unknown}
Books
 b - a book of Flames

   Spells                             Type                      Level
   *Flame Tongue                      Conjuration/Fire             1
   Throw Flame                        Conjuration/Fire             2
   *Conjure Flame                     Conjuration/Fire             3
   Inner Flame                        Hexes/Fire                   3
   *Sticky Flame                      Conjuration/Fire             4
   *Fireball                          Conjuration/Fire             5
 g - a book of Control

   Spells                             Type                      Level
   *Control Teleport                  Charms/Translocation         4
   Control Undead                     Necromancy                   4
   Enslavement                        Hexes                        4
   Mass Confusion                     Hexes                        6
   Metabolic Englaciation             Hexes/Ice                    6
 J - a book of Frost

   Spells                             Type                      Level
   Freeze                             Ice                          1
   Throw Frost                        Conjuration/Ice              2
   Ozocubu's Armour                   Charms/Ice                   3
   Throw Icicle                       Conjuration/Ice              4
   Summon Ice Beast                   Ice/Summoning                4
   Condensation Shield                Ice                          4
 K - a book of Air

   Spells                             Type                      Level
   Shock                              Conjuration/Air              1
   *Swiftness                         Charms/Air                   2
   *Repel Missiles                    Charms/Air                   2
   Flight                             Charms/Air                   3
   Static Discharge                   Conjuration/Air              3
   Lightning Bolt                     Conjuration/Air              5
 O - a book of Air

   Spells                             Type                      Level
   Shock                              Conjuration/Air              1
   *Swiftness                         Charms/Air                   2
   *Repel Missiles                    Charms/Air                   2
   Flight                             Charms/Air                   3
   Static Discharge                   Conjuration/Air              3
   Lightning Bolt                     Conjuration/Air              5
Magical staves
 l - an uncursed staff of wizardry
Rods
 L - a +4 rod of inaccuracy (14/14)
   (You found it in a labyrinth)


   Skills:
 + Level 3.4 Fighting
 - Level 1.7 Dodging
 - Level 1.5 Stealth
 * Level 11.9 Spellcasting
 + Level 9.1 Conjurations
 - Level 1.0 Translocations
 + Level 11.4 Fire Magic


You had 11 spell levels left.
You knew the following spells:

 Your Spells              Type           Power        Failure   Level  Hunger
a - Flame Tongue          Conj/Fire      #####        1%          1    None
b - Conjure Flame         Conj/Fire      #####...     1%          3    None
c - Sticky Flame          Conj/Fire      #####...     1%          4    ##.....
d - Fireball              Conj/Fire      #####.....   2%          5    ####...
e - Control Teleport      Chrm/Tloc      ##........   67%         4    ##.....
f - Swiftness             Chrm/Air       ##........   12%         2    None
g - Repel Missiles        Chrm/Air       ##........   12%         2    None


Dungeon Overview and Level Annotations

Branches:
Dungeon (9/27)             Temple (1/1) D:5            Lair (7/8) D:9
 Shoals (0/5) Lair:5        Snake (0/5) Lair:6
    Orc: D:6-11       Slime: Lair:6-8

Altars:
Ashenzari
Elyvilon
Fedhas
Kikubaaqudgha
Makhleb
Nemelex Xobeh
Okawaru
Sif Muna
Trog
Vehumet
Yredelemnul
the Shining One


Innate Abilities, Weirdness & Mutations

You are immune to all types of fire, even holy and hellish.
You are vulnerable to cold.
You need no food.
You have no legs.
You are immune to negative energy.
You have very sharp teeth.
You have a somewhat thin skeletal structure (Dex +2, Stlth).
You are agile. (Dex +2)
You tend to lose your temper in combat.
Your flesh is cold resistant.
You evolve.


Message History

The wolf is heavily wounded.
You hit the fungus.
The fungus is severely damaged.
The wolf closely misses you. The wolf bites you but does no damage.
The wolf bites you but does no damage.
Unknown command.
You slash the fungus!
The fungus is almost destroyed.
You slash the wolf!
You kill the wolf!
Makhleb accepts your kill.
You feel a little better.
You miss the wolf. The wolf bites you.
* * * LOW HITPOINT WARNING * * *
Unknown command.
You slash the wolf! You bite the wolf, but do no damage.
The wolf is heavily wounded.
You slash the fungus!
You destroy the fungus!
The wolf bites you!
You die...

..... ###
.....# ###.#
......##...##
Pf.....ยง#...f#
f............#
ff...........#
..........f.#
..........%.#
........<.h@#
............#
.#.#.....###
######.## ###


You could see a wolf.

Vanquished Creatures
  A minotaur (Lab)
  A hill giant (D:7)
  A griffon (Lair:5)
  A spiny frog (Lair:7)
  A black mamba (Lair:4)
  Prince Ribbit (D:5)
  A wyvern (D:9)
  2 hippogriffs
  3 yaks (Lair:6)
  A manticore (Lair:5)
  3 porcupines
  2 wolves (Lair:7)
  A sky beast (D:5)
  A phantom (D:4)
  4 ogres
  7 crocodiles
  6 giant slugs
  2 centaurs (D:7)
  6 giant frogs
  An agate snail (Lair:6)
  An electric eel (Lair:4)
  A giant frog zombie (D:5)
  6 hounds
  2 jellies
  A giant frog skeleton (D:6)
  4 worker ants
  3 iguanas (Lair:1)
  2 orc wizards (D:5)
  10 sheep
  11 adders
  8 gnolls (D:7)
  3 green rats
  2 giant mites
  A giant centipede (Lair:2)
  3 worms
  2 giant geckos
  7 orcs
  10 bats
  A giant cockroach (D:7)
  3 goblins
  6 hobgoblins
  6 jackals
  2 quokkas
  A giant gecko skeleton (D:4)
  4 giant newts
  2 kobolds (D:2)
  An orc skeleton (D:4)
  10 rats
  A rat skeleton (D:5)
  A fungus (Lair:7)
161 creatures vanquished.

Vanquished Creatures (collateral kills)
  A giant goldfish (Lair:4)
  8 green rats (Lair:4)
9 creatures vanquished.

Vanquished Creatures (others)
  A green rat (Lair:4)
  A fungus (D:9)
2 creatures vanquished.

Grand Total: 172 creatures vanquished

Notes
Turn   | Place    | Note
--------------------------------------------------------------
     0 | D:1      | 4tharraofdagon, the Djinni Fire Elementalist, began the quest for the Orb.
     0 | D:1      | Reached XP level 1. HP: 14/14 MP: 0/0
   219 | D:3      | Reached XP level 2. EP: 12/21
   635 | D:3      | Reached XP level 3. EP: 12/27
   640 | D:3      | Learned a level 3 spell: Conjure Flame
   672 | D:4      | Noticed a phantom
   748 | D:4      | Killed a phantom
   748 | D:4      | Reached skill level 5 in Fire Magic
   748 | D:4      | Reached XP level 4. EP: 3/36
   772 | D:4      | Learned a level 4 spell: Sticky Flame
   891 | D:4      | :*( useless rings
   894 | D:5      | Entered Level 5 of the Dungeon
   928 | D:5      | Reached XP level 5. EP: 37/43
  1034 | D:5      | Noticed Prince Ribbit
  1044 | D:5      | HP: 2/43 [Prince Ribbit (6)]
  1046 | D:5      | Killed Prince Ribbit
  1046 | D:5      | Reached skill level 5 in Spellcasting
  1046 | D:5      | Reached XP level 6. EP: 2/51
  1058 | D:5      | Noticed an ogre
  1348 | D:7      | Reached skill level 6 in Fire Magic
  1738 | D:7      | Reached XP level 7. EP: 37/59
  1835 | D:7      | Noticed a hippogriff
  1842 | D:7      | Killed a hippogriff
  2108 | D:7      | Reached skill level 7 in Fire Magic
  2153 | D:7      | Noticed a hill giant
  2167 | D:7      | Killed a hill giant
  2167 | D:7      | Reached skill level 8 in Spellcasting
  2167 | D:7      | Reached skill level 5 in Conjurations
  2167 | D:7      | Reached XP level 8. EP: 28/68
  2337 | D:7      | Learned a level 5 spell: Fireball
  2834 | D:6      | Reached skill level 9 in Spellcasting
  2916 | D:5      | Found a staircase to the Ecumenical Temple.
  2923 | D:5      | Killed an ogre
  2935 | Temple   | Entered the Ecumenical Temple
  2943 | Temple   | Became a worshipper of Makhleb the Destroyer
  2969 | D:5      | Noticed an ogre
  3159 | D:5      | Reached XP level 9. EP: 44/76
  3186 | D:5      | :)D
  3267 | D:5      | Noticed a sky beast
  3278 | D:5      | Killed a sky beast
  3301 | D:5      | Gained mutation: You tend to lose your temper in combat. [mutagenic meat]
  3302 | D:5      | Gained mutation: You are agile. (Dex +2) [mutagenic meat]
  3303 | D:5      | :)
  3401 | D:5      | Killed an ogre
  3620 | D:8      | Acquired Makhleb's first power
  3992 | D:9      | Reached skill level 10 in Spellcasting
  4124 | D:9      | Found a staircase to the Lair.
  4323 | Lair:1   | Entered Level 1 of the Lair of Beasts
  4344 | Lair:1   | Acquired Makhleb's second power
  4355 | Lair:1   | Identified a scroll of acquirement
  4360 | Lair:1   | crap :(
  4365 | Lair:1   | Learned a level 4 spell: Control Teleport
  4372 | Lair:1   | Daniel: at least its not energy
  4379 | Lair:1   | Daniel: :)
  4381 | Lair:1   | 4tharraofdagon: yea
  4591 | Lair:1   | useless rings :(
  4605 | Lair:1   | Reached skill level 10 in Fire Magic
  4977 | Lair:2   | Reached skill level 1 in Fighting
  5106 | Lair:4   | Reached skill level 11 in Spellcasting
  5106 | Lair:4   | Reached XP level 10. EP: 83/85
  5166 | Lair:4   | Acquired Makhleb's third power
  5281 | Lair:4   | Noticed a black mamba
  5287 | Lair:4   | Killed a black mamba
  5326 | Lair:4   | Found a labyrinth entrance.
  5334 | Lab      | Entered a labyrinth
  5481 | Lab      | :D
  5903 | Lab      | Noticed a minotaur
  5924 | Lab      | Killed a minotaur
  5949 | Lab      | nice staves
  5950 | Lab      | Identified a cursed +4 rod of inaccuracy (14/14) (You found it in a labyrinth)
  6094 | Lab      | Gained mutation: You have very sharp teeth. [potion of mutation]
  6094 | Lab      | Gained mutation: Your magical capacity is low (-10% MP). [potion of mutation]
  6094 | Lab      | Gained mutation: You evolve. [potion of mutation]
  6098 | Lab      | Gained mutation: You have a somewhat thin skeletal structure (Dex +2, Stlth). [potion of mutation]
  6098 | Lab      | Gained mutation: Your flesh is cold resistant. [potion of mutation]
  6098 | Lab      | Lost mutation: Your magical capacity is low (-10% MP). [potion of mutation]
  6167 | Lair:5   | Noticed a griffon
  6168 | Lair:5   | Found a staircase to the Shoals.
  6176 | Lair:5   | Killed a griffon
  6281 | Lair:6   | Learned a level 2 spell: Swiftness
  6284 | Lair:6   | Learned a level 2 spell: Repel Missiles
  6386 | Lair:6   | Found a staircase to the Snake Pit.
  6418 | Lair:7   | Reached skill level 1 in Translocations
  6433 | Lair:7   | Acquired Makhleb's fourth power
  6434 | Lair:7   | HP: 2/118 [wolf (7)]
  6437 | Lair:7   | Mangled by a wolf

Action                   |  1- 3 |  4- 6 |  7- 9 | 10-12 || total
-------------------------+-------+-------+-------+-------++-------
Melee: Dagger            |    21 |     6 |       |       ||    27
       Glaive            |       |    16 |    16 |       ||    32
       Battleaxe         |       |       |   131 |    43 ||   174
Throw: Javelin           |    13 |       |     2 |       ||    15
 Cast: Flame Tongue      |    36 |    20 |    36 |     1 ||    93
       Conjure Flame     |     1 |     3 |    16 |     6 ||    26
       Sticky Flame      |       |     4 |    41 |    13 ||    58
       Fireball          |       |       |     2 |     5 ||     7
  Use: Potion            |       |     1 |     3 |     1 ||     5
       Scroll            |       |       |    12 |     3 ||    15
 Stab: Sleeping          |       |     2 |     1 |       ||     3
